cohdb
Replays
Latest Replays
All Replays
Popular Replays
Top Player Replays
Match Explorer
How It Works
Community
CoH3 Stats
Reddit
Sign in to upload your games and track your stats! →
Sign in with Steam
Match 41867862
Unlisted
Match 41867862
Overview
Messages
Build Orders
End
Construct Section Command Post
Infantry Section
Vickers Machine Gun Team
Infantry Section
Royal Engineer Section
Construct Platoon Command Post
Infantry Training
Team Weapon Training
Selects Canadian Shock Battlegroup
Selects Incendiary Munitions
Selects Pyrotechnics
Royal Engineer Section
Infantry Section
CMP 15cwt Truck
Construct Company Command Post
Fire [Goat Company]
SHEF
Tamplar_kaz
Team saupiquet
Refiloux
Gubbagegg
Mael Radec
parkkralle
0
0
Comments
sign in to comment!
No comments posted yet!